 Dungeon Crawl Stone Soup version 0.30-a0-389-g8d7d949f56 (webtiles) character file.

Game seed: 2122159923298503982

2912 avis the Chiller (level 9, -3/75 HPs)
             Began as a Demigod Ice Elementalist on Dec 4, 2022.
             Slain by Duvessa
             ... wielding a +0 short sword
              (14 damage)
             ... on level 7 of the Dungeon.
             The game lasted 00:48:46 (7638 turns).

avis the Chiller (Demigod Ice Elementalist)         Turns: 7638, Time: 00:48:47

Health: -3/75      AC: 13    Str:  9    XL:     9   Next: 25%
Magic:  9/16       EV: 15    Int: 30    God:
Gold:   34         SH:  0    Dex: 26    Spells: 7/14 levels left

rFire   . . .      SeeInvis .    a - +10 falchion "Somea" {flame, Int+9}
rCold   . . .      Faith    .    (no shield)
rNeg    . . .      Spirit   .    w - +0 leather armour of Grace {rPois}
rPois   +          Reflect  .    x - +2 helmet "Baenkast" {Int+4}
rElec   .          Harm     .    (no cloak)
rCorr   +          Rampage  .    u - +0 pair of gloves
Will    .....                    (no boots)
Stlth   ++........               (no amulet)
HPRegen 0.32/turn                h - ring of resist corrosion
MPRegen 0.15/turn                B - ring of wizardry

@: ice-armoured, freezing walls
A: high MP 1, forlorn, divine attributes
a: no special abilities


You were on level 7 of the Dungeon.
You visited 2 branches of the dungeon, and saw 8 of its levels.

You collected 266 gold pieces.
You spent 232 gold pieces at shops.

Inventory:

Hand Weapons
 a - the +10 falchion "Somea" (weapon) {flame, Int+9}
   (You bought it in a shop on level 6 of the Dungeon)

   It burns those it strikes, dealing additional fire damage.
   Big, fiery blades are also staple armaments of hydra-hunters.
   Int:       It affects your intelligence (+9).
 b - a +0 shortbow
Armour
 u - a +0 pair of gloves (worn)
 w - the +0 leather armour of Grace (worn) {rPois}
   (You found it on level 3 of the Dungeon)

   rPois:     It protects you from poison.
 x - the +2 helmet "Baenkast" (worn) {Int+4}
   (You took it off Robin on level 2 of the Dungeon)

   Int:       It affects your intelligence (+4).
Jewellery
 h - a ring of resist corrosion (left hand)
 l - a ring of see invisible
 n - a ring of flight
 B - a ring of wizardry (right hand)
Wands
 f - a wand of digging (9)
 p - a wand of flame (6)
 t - a wand of roots (5)
 C - a wand of paralysis (10)
 F - a wand of mindburst (19)
 G - a wand of polymorph (7)
Scrolls
 e - a scroll of silence {unknown}
 g - 3 scrolls of enchant weapon {unknown}
 j - 3 scrolls of teleportation
 k - 2 scrolls of amnesia {unknown}
 r - a scroll of butterflies {unknown}
Potions
 c - 4 potions of haste
 i - a potion of curing
 m - a potion of berserk rage {unknown}
 q - 2 potions of invisibility {unknown}
 s - 3 potions of might
 v - a potion of resistance {unknown}
 z - 2 potions of flight {unknown}
 A - 2 potions of attraction {unknown}
 D - a potion of lignification {unknown}


   Skills:
 - Level 6.0 Fighting
 * Level 3.3 Long Blades
 - Level 6.0 Ranged Weapons
 - Level 2.0 Armour
 - Level 5.0 Dodging
 - Level 2.0 Stealth
 - Level 3.0 Spellcasting
 - Level 6.0 Ice Magic


You had 7 spell levels left.
You knew the following spells:

 Your Spells              Type           Power      Damage    Failure   Level
a - Freeze                Ice            100%       1d10      1%          1
o - Ozocubu's Armour      Ice            40%        N/A       1%          3
r - Frozen Ramparts       Ice            80%        1d13      1%          3

Your spell library contained the following spells:

 Spells                   Type           Power      Damage    Failure   Level
 Shock                    Conj/Air       16%        1d4       4%          1
 Summon Small Mammal      Summ           16%        N/A       4%          1
 Call Canine Familiar     Summ           4%         N/A       12%         3
 Summon Guardian Golem    Hex/Summ       4%         N/A       12%         3
 Swiftness                Air            4%         N/A       12%         3
 Summon Ice Beast         Ice/Summ       22%        N/A       12%         4
 Airstrike                Air            2%         2d(1-17)  34%         4
 Anguish                  Hex/Necr       2%         N/A       34%         4
 Manifold Assault         Tloc           4%         N/A       34%         4
 Passage of Golubria      Tloc           4%         N/A       34%         4
 Dispersal                Tloc           2%         N/A       99%         6
 Borgnjor's Revivificati  Necr           2%         N/A       100%        8
 Necromutation            Tmut/Necr      2%         N/A       100%        8
 Death's Door             Necr           2%         N/A       100%        9


Dungeon Overview and Level Annotations

Branches:
Dungeon (7/15)             Temple (1/1) D:5

Shops:
D:6 (

Annotations:
D:7 Duvessa


Innate Abilities, Weirdness & Mutations

You have an increased reservoir of magic. (+10% MP)
You shall have no god before yourself.
Your divine heritage dramatically boosts your attributes as you level up.


Message History

The sky beast hits you but does no damage.
You closely miss Duvessa.
Duvessa is severely wounded.
The wall freezes Duvessa but does no damage.
Duvessa hits you but does no damage.
The wall freezes Duvessa but does no damage.
Duvessa barely misses you.
The wall freezes the sky beast.
The sky beast hits you but does no damage.
You barely miss Duvessa.
Duvessa is severely wounded.
The wall freezes Duvessa but does no damage.
Duvessa closely misses you.
The wall freezes the sky beast.
You kill the sky beast!
The wall freezes Duvessa.
Duvessa hits you with a +0 short sword!
* * * LOW HITPOINT WARNING * * *
Your Long Blades skill increases to level 3!
You hit Duvessa. You burn Duvessa.
Duvessa is severely wounded.
The wall freezes Duvessa.
Duvessa hits you with a +0 short sword.
* * * LOW HITPOINT WARNING * * *
The wall freezes Duvessa.
Duvessa barely misses you.
Unknown command.
You hit Duvessa but do no damage. You punch Duvessa, but do no damage.
Duvessa is severely wounded.
The frozen ramparts melt away.
Duvessa hits you with a +0 short sword.
* * * LOW HITPOINT WARNING * * *
Okay, then.
Casting: Ozocubu's Armour (safe; 1% risk of failure)
Confirm with . or Enter, or press ? or * to list all spells.
Casting: Frozen Ramparts (safe; 1% risk of failure)
Press: ? - help, Dir - look around, f - activate A stone staircase leading up, spattered with blood.
The walls around you are covered in ice.
The wall freezes Duvessa.
Duvessa hits you with a +0 short sword!
* * * LOW HITPOINT WARNING * * *
The wall freezes Duvessa but does no damage.
Duvessa misses you.
You feel better.
The wall freezes Duvessa.
Duvessa hits you with a +0 short sword!
You die...

##. #.. #..
#.. .. #
.## #
#.#)#.#.#.#
#..@e......
#.#[#.#.#.#
# ... ..
.#.#. .#
#...... ..
# #.# #. .#
... .. .
#.# #.


You could see Duvessa (berserk).

Vanquished Creatures
  A two-headed ogre (D:6)
  A troll (D:7)
  A black bear (D:5)
  2 sky beasts
  A wolf (D:6)
  3 ogres (D:5)
  2 centaurs (D:5)
  A phantom (D:4)
  A bullfrog (D:6)
  2 necrophages (D:6)
  3 gnoll sergeants (D:6)
  3 scorpions
  Dowan (D:7)
  5 hounds
  An orc priest (D:5)
  3 gnoll boudas
  3 jellies
  An iguana (D:5)
  Robin (D:2)
  17 gnolls
  4 adders
  A shadow imp (D:5)
  An ufetubus (D:5)
  2 worms
  3 dart slugs
  8 orcs
  3 bats
  8 endoplasms
  5 giant cockroaches
  10 goblins
  8 hobgoblins
  8 jackals
  2 quokkas
  4 ball pythons
  A frilled lizard (D:3)
  4 kobolds
  8 rats
133 creatures vanquished.

Notes
Turn   | Place    | Note
-------+----------+-------------------------------------------
     0 | D:1      | avis the Demigod Ice Elementalist began the quest for the
                  | Orb.
     0 | D:1      | Reached XP level 1. HP: 14/14 MP: 5/5
   320 | D:1      | Reached XP level 2. HP: 20/20 MP: 5/7
   353 | D:1      | Reached skill level 1 in Fighting
   922 | D:2      | Reached XP level 3. HP: 23/28 MP: 4/9
  1742 | D:3      | Identified the +0 leather armour of Grace {rPois}
  1756 | D:3      | Identified the +2 helmet "Baenkast" {Int+4}
  1756 | D:3      | Noticed Robin
  1805 | D:2      | Learned a level 3 spell: Frozen Ramparts
  1809 | D:2      | Learned a level 3 spell: Ozocubu's Armour
  1824 | D:2      | Killed Robin
  1825 | D:2      | Reached XP level 4. HP: 12/36 MP: 1/11
  2334 | D:3      | Got the Enchiridion on Direction and Black Secrets
  3354 | D:4      | Reached XP level 5. HP: 37/41 MP: 2/12
  3355 | D:4      | Reached skill level 5 in Ice Magic
  4657 | D:5      | Entered Level 5 of the Dungeon
  4677 | D:4      | Reached XP level 6. HP: 51/51 MP: 5/13
  4874 | D:5      | Found a staircase to the Ecumenical Temple.
  4891 | Temple   | Entered the Ecumenical Temple
  5098 | D:5      | Reached skill level 1 in Armour
  5098 | D:5      | Reached XP level 7. HP: 59/59 MP: 5/14
  5264 | D:5      | Reached skill level 1 in Ranged Weapons
  5820 | D:6      | Noticed a two-headed ogre
  5828 | D:6      | Killed a two-headed ogre
  5829 | D:6      | Reached skill level 5 in Fighting
  5829 | D:6      | Reached skill level 5 in Dodging
  5829 | D:6      | Reached XP level 8. HP: 30/68 MP: 3/15
  6157 | D:6      | Reached skill level 5 in Ranged Weapons
  6905 | D:6      | Reached XP level 9. HP: 72/74 MP: 9/16
  7159 | D:6      | Found Cihof's Antique Weapon Shop.
  7163 | D:6      | Bought an ancient falchion for 232 gold pieces
  7163 | D:6      | Identified the +10 falchion "Somea" {flame, Int+9} (You
                  | bought it in a shop on level 6 of the Dungeon)
  7382 | D:6      | Reached skill level 1 in Long Blades
  7621 | D:7      | Noticed Duvessa
  7623 | D:7      | Noticed Dowan
  7631 | D:7      | Killed Dowan
  7638 | D:7      | Slain by Duvessa

Illustrated notes

Levels and vault maps discovered:
D:1:      amcnicky_arrival_blooded_trapdoor, layout_loops_ring
D:2:      layout_rooms, hellmonk_ecumenical_altar_slurped_away
D:3:      layout_rooms, mainiacjoe_overflow_tiny_flanked,
          serial_co_window_serial, co_window_corner_a, co_window_corner_a,
          co_window_corner_a, co_window_corner_a, co_window_corner_a,
          co_window_of_opportunity_a, co_window_broadway_a, co_window_cross_3,
          co_window_of_opportunity_c, co_window_broadway_a, co_window_corner_ca,
          co_window_2corner, glass_columns_a, glass_columns_a, minivault_23,
          minmay_statues_item, small_statue_alley_b, uniq_robin
D:4:      layout_basic, serial_corexii_hall, chequers_hall_statues_corner_a,
          corexii_hall_statues_deadend, nicolae_elevator_lobby_plus
D:5:      layout_rooms, nicolae_overflow_hidden_temple,
          minmay_temple_entry_stoned_glass, serial_bayou_pond_b
D:6:      nicolae_BIG_FREAKIN_CUBE, layout_cave_pools, serial_gnoll_camp,
          gnoll_camp_mini_house, gnoll_camp_mini_shop, gnoll_camp_mini_basic,
          gnoll_camp_mini_hut, gnoll_camp_mini_sergeant, gnoll_camp_mini_basic
D:7:      layout_loops_cross, kennysheep_ying_yang, st_stairs_9, minivault_25,
          kennysheep_nondescript, uniq_pikel, uniq_duvessa, uniq_menkaure
Temple:   nicolae_temple_bog_church

Skill      XL: |  1  2  3  4  5  6  7  8  9 |
---------------+----------------------------+-----
Ice Magic      | 4 5 6 |  6.0
Spellcasting   | 2 3 |  3.0
Fighting       | 1 2 3 4 5 6 |  6.0
Dodging        | 2 5 |  5.0
Stealth        | 2 |  2.0
Armour         | 1 2 |  2.0
Ranged Weapons | 4 6 |  6.0
Long Blades    | 3 |  3.3

Action                   |  1- 3 |  4- 6 |  7- 9 || total
-------------------------+-------+-------+-------++-------
Melee: Dagger            |     8 |       |       ||     8
       Mace              |       |    80 |    41 ||   121
       Punch             |       |     1 |     2 ||     3
       Falchion          |       |       |     9 ||     9
 Fire: Shortbow          |       |       |   107 ||   107
 Cast: Freeze            |    68 |     7 |     1 ||    76
       Frozen Ramparts   |     2 |    26 |    32 ||    60
       Ozocubu's Armour  |     1 |    24 |    21 ||    46
  Use: Potion            |     1 |       |     1 ||     2
       Scroll            |       |     1 |     5 ||     6
 Stab: Sleeping          |     5 |     2 |       ||     7
Armor: Robe              |     9 |       |       ||     9
       Leather armour    |    10 |    57 |    51 ||   118
Dodge: Dodged            |    39 |    74 |    98 ||   211

Table legend: (Time is in decaauts)
 A = Elapsed time spent in this place.
 B = Non-inter-level travel time spent in this place.
 C = Inter-level travel time spent in this place.
 D = Time resting spent in this place.
 E = Time spent auto-exploring this place.
 F = Levels seen in this place.
 G = Mean time per level.
                   A        B        C        D        E       F      G
               +--------+--------+--------+--------+--------+-----+--------+
         Total |   7700 |   7206 |    494 |   2720 |   2781 |   8 |  962.5 |
       Dungeon |   7666 |   7172 |    494 |   2720 |   2781 |   7 | 1095.1 |
        Temple |     33 |     33 |      0 |      0 |      0 |   1 |   33.0 |
               +--------+--------+--------+--------+--------+-----+--------+

Top non-repeatable levels by time:
     D:6: 1814 daAuts
     D:4: 1483 daAuts
     D:3: 1415 daAuts
     D:5: 1025 daAuts
     D:2: 963 daAuts
     D:1: 946 daAuts
  Temple: 33 daAuts
     D:7: 18 daAuts
